Map: Prion Terraces

Players

SticklerMac

  • Race: Zerg Zerg
  • League: Platinum

SpkrFrDead - Winner!

  • Race: Zerg Zerg
  • League: Gold

VOD

Have the link to the VOD?

Description

Time

  • Played on: Nov. 10, 2015, 1:08 p.m.
  • Length: 14:03
Show
View Real Time Build Order
Export as new Build Order

SticklerMac Zerg 

Build Orders: Hatch First, Zergling Baneling 

Get SALT Encoding   

  12  0:01  Drone  
  13  0:08  Drone  
  14  0:18  Overlord  
  14  0:37  Drone x3  
  17  0:53  Hatchery  
  16  1:04  Drone x2  
  17  1:10  Drone  
  19  1:16  Extractor  
  18  1:20  Spawning Pool  
  18  1:23  Drone  
  18  1:35  Drone  
  19  1:43  Overlord  
  19  1:57  Drone  
  20  2:04  Drone  
  20  2:07  Zergling x2  
  22  2:09  Queen  
  22  2:10  Queen  
  26  2:21  Zergling x4  
  27  2:26  Metabolic Boost  
  27  2:29  Drone x2  
  29  2:38  Baneling Nest  
  29  2:43  Zergling x4  
  30  2:48  Drone  
  30  2:50  Drone  
  32  3:00  Zergling x4  
  34  3:13  Drone x2  
  34  3:19  Overlord x2  
  36  3:26  Overlord  
  36  3:50  Baneling  
  36  3:51  Baneling x5  
  36  3:52  Zergling x12  
  42  4:00  Zergling x8  
  42  4:01  Zergling x2  
  45  4:19  Zergling x8  
  45  4:20  Zergling x2  
  45  4:21  Baneling x2  
  45  4:22  Baneling x3  
  46  4:41  Zergling x2  
  46  4:42  Zergling x12  
  50  4:52  Zergling x2  
  50  4:57  Zergling x4  
  47  5:03  Zergling x6  
  47  5:04  Zergling x6  
  51  5:08  Baneling x5  
  51  5:16  Overlord x2  
  46  5:46  Baneling x4  
  46  5:47  Zergling x8  
  46  5:48  Zergling x12  
  52  6:00  Zergling x2  
  52  6:01  Zergling x2  
  54  6:05  Zergling x2  
  55  6:13  Drone  
  55  6:15  Baneling Nest  
  55  6:35  Drone x5  
  55  6:36  Drone x2  
  62  6:46  Drone x2  
  62  6:47  Drone x2, Extractor  
  64  7:03  Spine Crawler  
  64  7:06  Baneling x5  
  64  7:07  Baneling x2  
  63  7:18  Extractor  
  62  7:24  Zergling x8  
  62  7:25  Roach Warren, Zergling x4  
  64  8:24  Roach  
  64  8:25  Roach  
  67  8:27  Overlord x2  
  67  8:28  Overlord x2  
  67  8:30  Lair  
  66  8:42  Drone  
  66  8:47  Drone x2  
  69  8:49  Hatchery, Drone  
  69  8:50  Roach  
  69  8:51  Roach x5  
  81  8:57  Queen  
  81  8:59  Roach  
  85  9:04  Roach x2  
  85  9:05  Roach  
  91  9:10  Drone x3  
  91  9:11  Drone  
  91  9:14  Roach, Extractor  
  96  9:18  Roach  
  98  9:33  Spire  
  97  9:44  Roach  
  99  9:47  Overlord x3  
  99  9:55  Overlord x2  
  98  10:24  Spore Crawler  
  98  10:25  Spore Crawler  
  96  10:29  Spore Crawler  
  96  10:30  Spore Crawler  
  96  10:31  Spore Crawler  
  96  10:33  Spore Crawler  
  92  10:36  Spore Crawler  
  92  10:37  Spore Crawler  
  90  10:43  Drone x3  
  90  10:44  Drone  
  90  10:45  Mutalisk x3  
  90  10:46  Mutalisk x7  
  114  11:01  Overlord x2  
  114  11:05  Mutalisk  
  114  11:11  Mutalisk  
  116  11:23  Overlord x2  
  116  11:38  Drone x4  
  120  11:54  Mutalisk x3  
  120  11:55  Mutalisk  
  128  12:13  Queen  
  126  12:26  Mutalisk  
  126  12:27  Mutalisk x4  
  128  12:36  Overlord x2  
  128  12:37  Overlord  
  128  12:39  Mutalisk  
  130  12:54  Drone x4  
  134  12:59  Mutalisk x3  
  140  13:08  Drone x5  
  140  13:11  Extractor  
  144  13:13  Extractor  
  144  13:18  Mutalisk  
  144  13:19  Mutalisk  
  147  13:25  Overlord  
  147  13:38  Overlord x3  
Show
View Real Time Build Order
Export as new Build Order

SpkrFrDead Zerg - Winner!

Build Orders: Pool First, Zergling Baneling 

Get SALT Encoding   

  12  0:01  Drone  
  13  0:13  Overlord  
  13  0:17  Drone  
  14  0:32  Drone x2  
  16  0:42  Drone  
  17  0:47  Spawning Pool  
  16  0:53  Drone  
  17  1:22  Extractor  
  17  1:23  Hatchery  
  17  1:25  Drone x3  
  18  1:36  Queen  
  20  1:52  Overlord, Zergling x2  
  21  2:07  Drone  
  22  2:12  Queen  
  24  2:25  Metabolic Boost  
  24  2:28  Drone x2  
  26  2:37  Queen  
  26  2:42  Drone x3  
  31  2:55  Zergling x8  
  35  3:00  Spine Crawler  
  35  3:04  Baneling Nest  
  33  3:06  Zergling x2  
  33  3:11  Overlord  
  34  3:30  Zergling x12  
  34  3:31  Zergling x2  
  41  3:42  Zergling x4  
  43  3:48  Baneling x2  
  43  3:49  Baneling x2  
  43  4:03  Drone  
  43  4:05  Overlord  
  43  4:06  Overlord  
  43  4:07  Overlord  
  39  4:43  Zergling x2  
  39  4:44  Zergling x22  
  42  4:51  Baneling x3  
  42  4:52  Baneling  
  40  5:05  Zergling x4  
  40  5:06  Zergling x6  
  45  5:07  Baneling x5  
  45  5:08  Baneling  
  45  5:23  Zergling x8  
  47  5:43  Baneling x4  
  46  5:57  Zergling x12  
  51  6:06  Drone x2  
  51  6:07  Drone  
  54  6:12  Extractor  
  53  6:32  Lair  
  53  6:33  Hatchery  
  53  6:34  Drone  
  53  6:35  Drone x4  
  57  6:50  Drone x2  
  57  6:51  Drone x3  
  62  7:05  Evolution Chamber, Drone x2  
  62  7:06  Evolution Chamber  
  62  7:09  Extractor  
  62  7:10  Extractor  
  60  7:23  Drone x7  
  67  7:34  Spire  
  66  7:44  Baneling x6  
  59  8:45  Drone x7  
  59  8:46  Overlord x4  
  59  8:47  Overlord x2  
  66  8:48  Zerg Flyer Armor Level 1  
  66  8:54  Overseer  
  66  9:05  Drone x8, Extractor  
  66  9:06  Extractor  
  72  9:10  Queen  
  72  9:16  Mutalisk  
  72  9:17  Mutalisk x2  
  80  9:31  Mutalisk x3  
  86  9:41  Mutalisk x2  
  86  9:43  Drone x4, Overlord x2  
  86  9:44  Overlord  
  94  9:55  Mutalisk x2  
  98  10:00  Hatchery  
  97  10:07  Mutalisk x2  
  97  10:08  Overlord x2  
  101  10:19  Mutalisk x2  
  105  10:23  Overseer  
  105  10:28  Mutalisk  
  105  10:30  Zergling x10  
  112  10:45  Zerg Flyer Weapons Level 1  
  112  10:51  Drone  
  112  10:52  Drone x9  
  122  10:58  Mutalisk x2  
  126  11:18  Mutalisk x4  
  126  11:21  Mutalisk  
  136  11:26  Queen  
  136  11:29  Extractor  
  136  11:31  Zerg Missile Weapons Level 1, Extractor  
  136  11:33  Roach Warren, Zerg Ground Armor Level 1  
  135  11:50  Drone x8  
  135  11:51  Drone x3  
  146  11:59  Hatchery  
  145  12:05  Hydralisk Den  
  144  12:17  Spore Crawler  
  141  12:23  Roach  
  141  12:24  Roach x8  
  159  12:30  Overlord x4  
  159  12:47  Hatchery  
  158  12:53  Roach x6  
  158  12:54  Roach x8  
  158  12:55  Roach x3  
  158  12:57  Overlord x3  
  192  13:14  Roach  
  192  13:15  Overlord x3, Roach x3  
Tags
 
Add a new tag
Caveats
  • Supply blocks, unpowered buildings, or Contaminate may cause inaccurate times.
  • Supply counts are checked every 10 seconds.